 Dungeon Crawl Stone Soup version 0.28-a0-941-g140ffa10cf (webtiles) character file.

Game seed: 17432978396558354544

4 BinkBink the Skirmisher (level 1, 0/20 HPs)
             Began as a Minotaur Monk on Nov 29, 2021.
             Slain by a goblin (3 damage)
             ... on level 1 of the Dungeon.
             The game lasted 00:00:16 (229 turns).

BinkBink the Skirmisher (Minotaur Monk)              Turns: 229, Time: 00:00:16

Health: 0/20       AC:  2    Str: 15    XL:     1   Next: 58%
Magic:  0/0        EV: 13    Int:  7    God:
Gold:   24         SH:  0    Dex: 12    Spells: 0/0 levels left

rFire   . . .      SeeInvis .   a - +0 falchion
rCold   . . .      Faith    .   (no shield)
rNeg    . . .      Spirit   .   b - +0 robe
rPois   .          Reflect  .   (helmet restricted)
rElec   .          Harm     .   (no cloak)
rCorr   .          Rampage  .   (no gloves)
Will    .....                   (no boots)
Stlth   ++........              (no amulet)
HPRegen 0.06/turn               (no ring)
MPRegen 0.07/turn               (no ring)

@: no status effects
A: horns 2, retaliatory headbutt
a: no special abilities


You were on level 1 of the Dungeon.
You visited 1 branch of the dungeon, and saw 1 of its levels.

You collected 24 gold pieces.

Inventory:

Hand Weapons
 a - a +0 falchion (weapon)
Armour
 b - a +0 robe (worn)


   Skills:
 + Level 3.8 Fighting
 + Level 3.7 Long Blades
 + Level 3.4 Dodging
 + Level 1.5 Stealth


You couldn't memorise any spells.
You didn't know any spells.
Your spell library was empty.

Dungeon Overview and Level Annotations

Branches:
Dungeon (1/15)

Altars:


Innate Abilities, Weirdness & Mutations

You have a pair of horns on your head.
You reflexively headbutt those who attack you in melee.


Message History

You headbutt the bat, but do no damage.
A goblin comes into view. It is wielding a +0 dagger.
The bat hits you.
You hit the bat.
The bat is severely wounded.
The bat barely misses you. You furiously retaliate!
You headbutt the bat.
You kill the bat!
No target in view!
No target in view!
No target in view!
The goblin shouts!
An endoplasm comes into view.
You closely miss the goblin. The goblin hits you with a +0 dagger.
You barely miss the goblin.
You headbutt the goblin, but do no damage.
The goblin hits you with a +0 dagger.
A rat comes into view.
You hit the goblin.
The goblin is severely wounded.
The goblin hits you with a +0 dagger.
You closely miss the goblin.
The goblin is severely wounded.
The goblin barely misses you. The endoplasm freezes you.
You are frozen.
* * * LOW HITPOINT WARNING * * *
The goblin hits you with a +0 dagger.
* * * LOW HITPOINT WARNING * * *
You aren't carrying any potions.
You barely miss the endoplasm. You headbutt the endoplasm.
The endoplasm is severely wounded.
The endoplasm barely misses you.
You hit the endoplasm.
You kill the endoplasm!
You hit the rat.
You kill the rat!
You hit the goblin but do no damage. Your headbutt misses the goblin.
The goblin is severely wounded.
The goblin hits you with a +0 dagger.
You die...

##....................
#....................
#......(.............
##....................
#.....................
###.##............##....
.......#.............#...
####...#.........#....#..
###....#@.........##<..#
.......g#..............#
#####....#.............#
#.....##..........#..
......#..##......##...
###.........###### ...
#.......... ... .......
... ... ##..........


You could see a goblin.

Vanquished Creatures
  A bat (D:1)
  2 endoplasms (D:1)
  A rat (D:1)
4 creatures vanquished.

Notes
Turn   | Place    | Note
-------+----------+-------------------------------------------
     0 | D:1      | BinkBink the Minotaur Monk began the quest for the Orb.
     0 | D:1      | Reached XP level 1. HP: 19/19 MP: 0/0
   229 | D:1      | Slain by a goblin

Illustrated notes

Levels and vault maps discovered:
D:1:      dpeg_arrival_solitude, layout_loops_ring, serial_shops,
          nicolae_shop_statue_plus, shapermc_ecumenical_altar_totnotflames

Action                   || total
-------------------------++-------
Melee: Falchion          ||    13
       Headbutt          ||     3
Armor: Robe              ||     1
Dodge: Dodged            ||     5

Table legend: (Time is in decaauts)
 A = Elapsed time spent in this place.
 B = Non-inter-level travel time spent in this place.
 C = Inter-level travel time spent in this place.
 D = Time resting spent in this place.
 E = Time spent auto-exploring this place.
 F = Levels seen in this place.
 G = Mean time per level.
                   A        B        C        D        E       F      G
               +--------+--------+--------+--------+--------+-----+--------+
         Total |    230 |    230 |      0 |      0 |    201 |   1 |  230.0 |
       Dungeon |    230 |    230 |      0 |      0 |    201 |   1 |  230.0 |
               +--------+--------+--------+--------+--------+-----+--------+

Top non-repeatable levels by time:
     D:1: 230 daAuts
